Map: 大气2000-天梯版

Players

JieShi

  • Race: Protoss Protoss

iGXY (XY) - Winner!

  • Race: Terran Terran

Event: DreamHack SC2 Masters 2021 Fall

VOD

Have the link to the VOD?

Description

Time

  • Played on: Aug. 4, 2021, 10:23 a.m.
  • Length: 22:43

All games in this series

Show
View Real Time Build Order
Export as new Build Order

JieShi Protoss 

Build Orders: 1 Gate Expand, Blink Stalkers, Colossus Rush 

Get SALT Encoding   

  12  0:00  Probe  
  13  0:13  Probe  
  14  0:18  Pylon  
  14  0:25  Probe (Chrono Boost)  
  15  0:37  Gateway, Probe (Chrono Boost)  
  16  0:44  Probe (Chrono Boost)  
  16  0:45  Assimilator  
  17  0:51  Probe  
  18  1:03  Probe  
  19  1:15  Probe  
  20  1:21  Nexus  
  20  1:30  Cybernetics Core  
  20  1:34  Probe  
  20  1:39  Assimilator  
  21  1:46  Probe  
  22  1:51  Pylon  
  22  1:58  Probe  
  23  2:06  Adept (Chrono Boost), Warp Gate  
  23  2:10  Probe  
  26  2:16  Twilight Council  
  26  2:22  Probe  
  26  2:26  Stalker (Chrono Boost)  
  29  2:36  Probe (Chrono Boost)  
  31  2:40  Probe (Chrono Boost)  
  31  2:45  Probe (Chrono Boost)  
  31  2:48  Blink (Chrono Boost), Probe (Chrono Boost)  
  31  2:50  Probe (Chrono Boost)  
  34  2:58  Gateway  
  34  2:59  Probe  
  34  3:02  Probe  
  36  3:11  Probe  
  35  3:15  Probe  
  35  3:18  Robotics Facility  
  36  3:23  Probe  
  37  3:27  Probe  
  37  3:30  Assimilator, Pylon  
  37  3:32  Assimilator  
  38  3:35  Probe  
  38  3:39  Probe  
  40  3:48  Probe (Chrono Boost)  
  41  3:49  Pylon  
  41  3:51  Probe (Chrono Boost)  
  41  3:52  Shield Battery  
  41  3:54  Stalker  
  41  3:55  Stalker  
  48  4:03  Probe (Chrono Boost)  
  48  4:05  Probe (Chrono Boost)  
  48  4:06  Observer  
  48  4:09  Probe (Chrono Boost)  
  49  4:12  Probe (Chrono Boost)  
  49  4:14  Robotics Bay  
  51  4:18  Stalker x2  
  51  4:20  Probe  
  51  4:23  Probe  
  57  4:27  Observer  
  58  4:35  Nexus  
  58  4:39  Pylon  
  58  4:41  Pylon  
  58  4:45  Stalker  
  60  4:48  Stalker  
  62  4:57  Observer  
  63  5:04  Probe x2  
  65  5:09  Stalker  
  65  5:15  Colossus (Chrono Boost)  
  65  5:16  Probe x2  
  65  5:17  Observer  
  71  5:22  Stalker  
  71  5:27  Extended Thermal Lance  
  71  5:28  Forge, Charge  
  72  5:30  Probe  
  72  5:31  Probe  
  72  5:34  Shield Battery  
  74  5:44  Sentry  
  74  5:46  Probe (Chrono Boost)  
  74  5:47  Probe (Chrono Boost)  
  74  5:48  Pylon, Probe (Chrono Boost)  
  82  5:57  Gateway, Probe (Chrono Boost)  
  82  5:58  Gateway  
  82  5:59  Probe x2 (Chrono Boost)  
  82  6:02  Probe (Chrono Boost)  
  82  6:04  Colossus (Chrono Boost)  
  82  6:11  Protoss Ground Weapons Level 1  
  89  6:13  Sentry  
  89  6:16  Photon Cannon  
  89  6:17  Pylon  
  91  6:21  Gateway  
  91  6:24  Gateway  
  91  6:31  Pylon  
  91  6:32  Probe  
  92  6:34  Pylon  
  92  6:42  Sentry, Zealot  
  92  6:46  Gateway  
  96  6:47  Gateway  
  96  6:50  Colossus (Chrono Boost)  
  96  6:51  Photon Cannon  
  96  6:52  Shield Battery  
  102  6:58  Zealot  
  104  7:03  Zealot  
  104  7:04  Zealot  
  104  7:05  Zealot  
  110  7:12  Templar Archives  
  110  7:14  Pylon x2  
  110  7:19  Zealot x2  
  110  7:20  Stalker  
  116  7:24  Pylon  
  116  7:27  Nexus  
  116  7:30  Observer (Chrono Boost)  
  117  7:42  Stalker x2  
  117  7:43  Zealot x2  
  125  7:45  Zealot x2  
  125  7:53  Stalker x2  
  125  7:56  Probe  
  123  7:58  Warp Prism (Chrono Boost)  
  125  8:07  Nexus  
  125  8:08  Probe  
  125  8:09  Stalker, Zealot  
  125  8:10  Pylon  
  125  8:12  Pylon  
  130  8:15  High Templar x2  
  130  8:16  Zealot x2  
  138  8:20  Pylon  
  137  8:30  Pylon, Probe  
  137  8:31  Probe x2  
  140  8:34  Archon  
  140  8:46  Zealot x4  
  140  8:47  Zealot  
  140  8:48  Zealot x3  
  154  8:58  Probe x3  
  154  9:00  Shield Battery  
  157  9:09  High Templar x4  
  165  9:10  Zealot x3  
  165  9:13  Pylon  
  165  9:15  Archon x2  
  165  9:16  Shield Battery  
  171  9:18  Forge  
  171  9:19  Immortal (Chrono Boost)  
  171  9:20  Forge  
  175  9:27  Probe x2  
  175  9:28  Probe  
  178  9:36  Zealot x3  
  178  9:37  Zealot  
  186  9:40  Probe  
  187  9:49  Protoss Ground Armor Level 1 (Chrono Boost)  
  187  9:50  Protoss Ground Weapons Level 2 (Chrono Boost)  
  187  9:53  Photon Cannon  
  187  9:54  Photon Cannon  
  187  9:55  Photon Cannon  
  187  9:56  Shield Battery  
  187  10:01  Zealot  
  187  10:03  Immortal  
  193  10:13  Assimilator  
  193  10:15  Assimilator  
  193  10:20  Photon Cannon  
  191  10:23  Photon Cannon  
  191  10:29  Probe x2  
  191  10:30  Probe, Dark Shrine  
  194  10:42  Nexus  
  194  10:52  Shield Battery  
  194  10:54  Pylon  
  194  11:04  Pylon  
  194  11:08  Nexus  
  194  11:09  Pylon  
  194  11:14  Gateway  
  194  11:16  Photon Cannon  
  194  11:17  Gateway  
  194  11:21  Gateway  
  194  11:22  Probe  
  194  11:25  Gateway  
  193  11:36  Shadow Stride (Chrono Boost)  
  193  11:37  Probe  
  193  11:39  Assimilator  
  194  11:44  Assimilator  
  194  11:59  Nexus  
  194  12:02  Pylon, Nexus  
  194  12:04  Pylon, Protoss Ground Weapons Level 3 (Chrono Boost), Protoss Ground Armor Level 2 (Chrono Boost)  
  194  12:12  Disruptor  
  197  12:20  Dark Templar x2  
  199  12:28  Pylon x2  
  191  12:30  Pylon  
  191  12:35  Dark Templar x3  
  191  12:36  Dark Templar x2  
  183  12:56  Zealot x6  
  183  12:57  Zealot  
  177  13:08  Zealot  
  177  13:09  Dark Templar x3, Zealot  
  181  13:19  Zealot x5  
  181  13:20  Zealot  
  129  13:35  Robotics Facility  
  129  13:40  Dark Templar  
  129  13:41  Dark Templar x6  
  137  13:42  Dark Templar x4  
  137  13:43  Probe  
  137  13:46  Probe x2  
  137  13:48  Photon Cannon  
  154  13:49  Shield Battery  
  154  13:55  Probe  
  154  14:02  Robotics Facility  
  155  14:08  Nexus, Probe  
  156  14:22  Colossus (Chrono Boost)  
  156  14:27  Dark Templar  
  156  14:28  Dark Templar x3  
  156  14:29  Dark Templar x2  
  171  14:33  Stalker x3  
  171  14:34  Stalker  
  171  14:35  Zealot  
  174  15:00  Colossus (Chrono Boost)  
  174  15:03  Observer, Probe x4  
  174  15:06  Shield Battery  
  172  15:10  Colossus (Chrono Boost), Photon Cannon  
  178  15:15  Probe  
  178  15:17  Dark Templar x3  
  185  15:26  Stalker x2  
  185  15:27  Stalker x2  
  193  15:30  Assimilator  
  193  15:31  Pylon, Probe  
  193  15:34  Assimilator  
  192  15:43  Probe  
  192  15:49  Stalker x3  
  179  15:50  Stalker x2, Zealot  
  179  15:56  Zealot x3  
  179  15:57  Zealot, Protoss Ground Armor Level 3 (Chrono Boost)  
  190  15:59  Protoss Shields Level 1 (Chrono Boost)  
  190  16:00  Zealot  
  182  16:34  Dark Templar x5  
  192  16:46  Dark Templar x2  
  196  16:52  Disruptor (Chrono Boost)  
  191  17:08  Disruptor (Chrono Boost)  
  191  17:13  Disruptor  
  190  17:21  Dark Templar x2  
  197  17:28  Gateway  
  197  17:30  Gateway  
  195  17:41  Dark Templar x2  
  193  17:53  Colossus  
  189  18:04  Dark Templar x3  
  193  18:10  Zealot x2  
  193  18:11  Zealot  
  193  18:12  Observer  
  200  18:18  Protoss Shields Level 2 (Chrono Boost)  
  188  18:36  Nexus  
  188  18:39  Pylon  
  188  18:40  Stalker x2  
  188  18:41  Zealot x5  
  184  18:42  Zealot x4  
  184  18:43  Zealot  
  192  18:51  Zealot  
  183  19:03  Zealot x2  
  183  19:04  Dark Templar, Zealot x3  
  183  19:05  Zealot x2  
  183  19:09  Observer  
  155  19:26  Zealot x5  
  155  19:27  Zealot x3  
  155  19:30  Stalker x2, Zealot  
  155  19:31  Zealot  
  107  19:43  Zealot  
  87  19:47  Zealot x5  
  87  19:48  Zealot x2  
  87  19:51  Dark Templar  
  87  19:52  Dark Templar x2  
  100  19:53  Zealot x2  
  97  20:07  Zealot x2  
  99  20:14  Dark Templar  
  99  20:15  Dark Templar x2, Zealot x4  
  91  20:25  Dark Templar, Zealot  
  77  20:28  Zealot  
  77  20:29  Zealot  
  73  20:38  Zealot x4  
  73  20:46  Dark Templar  
  73  20:49  Zealot x2  
  79  20:50  Observer  
  79  20:58  Zealot  
  79  20:59  Zealot  
  79  21:04  Zealot x2  
  85  21:08  Dark Templar  
  87  21:37  Nexus, Robotics Facility  
  87  21:38  Pylon  
  85  21:43  Dark Templar  
  87  22:03  Zealot x4  
  87  22:04  Zealot  
  87  22:06  Stalker  
  99  22:11  Zealot  
  73  22:23  Zealot  
Show
View Real Time Build Order
Export as new Build Order

iGXY Terran - Winner!

Build Orders:  

Get SALT Encoding   

  12  0:00  SCV  
  13  0:12  SCV  
  14  0:16  Supply Depot  
  14  0:24  SCV  
  15  0:38  SCV  
  15  0:39  Barracks  
  15  0:42  Refinery  
  16  0:50  SCV  
  17  1:02  SCV  
  18  1:14  SCV  
  19  1:25  Marine  
  19  1:26  Orbital Command  
  20  1:37  Command Center  
  20  1:44  Barracks Reactor  
  20  1:50  Supply Depot  
  20  1:51  SCV  
  21  2:01  Barracks  
  21  2:03  SCV  
  22  2:16  Bunker, SCV  
  22  2:20  Marine x2  
  25  2:27  Barracks  
  25  2:29  SCV  
  26  2:38  Marine x2  
  26  2:41  SCV  
  29  2:53  SCV, Orbital Command, Barracks Tech Lab  
  29  2:57  Marine x2  
  32  3:05  SCV  
  32  3:14  Marine, Stimpack  
  32  3:15  Marine, Barracks Tech Lab  
  32  3:17  SCV  
  35  3:20  Marine  
  35  3:22  SCV  
  37  3:29  Supply Depot  
  37  3:30  SCV  
  37  3:32  Marine  
  37  3:33  Combat Shield  
  39  3:34  Marine, SCV  
  39  3:35  Marine  
  39  3:38  Marine  
  43  3:42  SCV  
  43  3:46  Supply Depot, SCV  
  45  3:53  Marauder x2  
  45  3:54  Marine, SCV  
  51  3:56  Marine  
  51  3:58  SCV  
  53  4:05  Supply Depot  
  53  4:06  SCV  
  54  4:10  SCV  
  54  4:12  Marine, Refinery  
  54  4:14  Marine x3  
  59  4:18  SCV  
  59  4:22  Engineering Bay  
  59  4:23  SCV  
  61  4:27  Factory  
  61  4:29  Marine  
  61  4:30  SCV  
  61  4:31  Refinery  
  63  4:35  Marine x3, SCV  
  67  4:42  SCV  
  68  4:47  SCV  
  68  4:52  Concussive Shells  
  69  4:53  Marine  
  69  4:55  Terran Infantry Weapons Level 1  
  69  4:56  Supply Depot  
  69  4:57  Marine  
  70  5:00  SCV  
  70  5:02  Marine  
  69  5:10  SCV  
  70  5:14  Supply Depot  
  70  5:17  Marine x2  
  70  5:18  Supply Depot, Marauder  
  70  5:20  Marauder  
  71  5:24  Factory Reactor  
  71  5:25  SCV, Starport  
  71  5:26  SCV  
  73  5:32  Refinery  
  73  5:34  Marine  
  73  5:35  Marine  
  75  5:37  SCV  
  75  5:38  SCV  
  75  5:39  Marauder  
  75  5:42  Marauder  
  81  5:52  Marine  
  81  5:53  Marine, Command Center  
  83  5:58  SCV x2  
  83  6:04  Supply Depot  
  81  6:11  SCV x2  
  81  6:14  Marine x2, Marauder x2  
  81  6:16  Medivac x2  
  81  6:18  Factory Tech Lab  
  93  6:22  Barracks x2  
  93  6:26  SCV x2  
  93  6:29  Supply Depot  
  95  6:36  Marine, Siege Tank  
  95  6:37  Marine, Marauder  
  102  6:43  Supply Depot  
  102  6:50  SCV, Medivac x2  
  102  6:51  Marauder  
  102  6:52  Terran Infantry Armor Level 1, SCV  
  102  6:53  Supply Depot  
  110  7:04  Marine, SCV, Marauder  
  110  7:05  SCV, Orbital Command  
  115  7:08  Siege Tank  
  115  7:09  Barracks Reactor, Barracks Tech Lab  
  115  7:12  Marauder  
  119  7:16  SCV  
  119  7:18  SCV  
  119  7:20  Medivac  
  119  7:21  Supply Depot  
  123  7:26  Marauder  
  123  7:28  SCV  
  123  7:29  Marauder  
  128  7:30  Marine, SCV  
  128  7:36  SCV  
  131  7:39  Medivac  
  131  7:40  SCV  
  131  7:42  Refinery, SCV  
  131  7:44  Refinery, Supply Depot  
  135  7:48  SCV  
  135  7:50  Medivac  
  128  7:53  SCV  
  128  7:54  SCV  
  128  7:58  Siege Tank  
  129  8:00  SCV  
  129  8:03  Marine, Marauder  
  129  8:04  Marine x3, Marauder x2  
  140  8:06  Supply Depot  
  140  8:07  SCV x2  
  140  8:08  Supply Depot  
  142  8:15  SCV  
  142  8:19  SCV x2  
  145  8:24  Medivac x2  
  145  8:25  Supply Depot  
  149  8:27  SCV  
  149  8:30  Siege Tank  
  153  8:37  Command Center  
  153  8:39  Armory  
  153  8:43  Marine x2, Marauder x3  
  155  8:57  Viking x2  
  155  9:02  Siege Tank  
  152  9:05  SCV  
  152  9:06  SCV x2  
  152  9:07  Engineering Bay  
  155  9:17  Ghost Academy  
  155  9:18  SCV  
  155  9:20  Missile Turret  
  155  9:23  Marine x3, Marauder x2  
  165  9:29  Supply Depot  
  165  9:30  Sensor Tower, SCV  
  164  9:31  Viking x2  
  164  9:34  Siege Tank  
  171  9:41  SCV  
  171  9:44  Marauder  
  166  9:50  Terran Infantry Armor Level 2, Terran Infantry Weapons Level 2  
  164  9:55  Marine  
  165  10:02  Refinery  
  165  10:03  Refinery  
  165  10:04  Viking  
  165  10:06  SCV x3, Siege Tank  
  173  10:07  Marine, Missile Turret  
  173  10:08  Marine, Sensor Tower  
  173  10:13  Marine x2  
  177  10:25  Marine x2, Marauder x2  
  177  10:26  Marine  
  183  10:31  SCV  
  183  10:33  Viking  
  183  10:34  Viking  
  177  10:38  Siege Tank  
  167  10:45  Planetary Fortress  
  171  10:52  Marine  
  171  10:53  Marine, Command Center  
  177  10:59  Marine x2  
  177  11:02  SCV x2  
  177  11:03  SCV  
  180  11:08  Medivac x2  
  180  11:10  Marine, Siege Tank  
  186  11:14  Marine  
  186  11:17  Marine x2  
  189  11:18  Barracks  
  189  11:20  Barracks x2  
  189  11:27  Unknown x3, Marauder  
  191  11:32  Command Center  
  191  11:38  Viking x2, Marauder x2  
  191  11:39  Marine  
  199  12:20  Marine  
  200  12:25  Marauder  
  200  12:27  Marine x4  
  191  12:38  Marine  
  187  12:45  Marine x3  
  187  12:46  Orbital Command  
  187  12:49  Unknown  
  184  12:58  SCV x2  
  181  13:00  Orbital Command  
  181  13:04  Planetary Fortress  
  177  13:10  SCV x2  
  176  13:15  SCV  
  176  13:18  Marauder x2  
  176  13:19  Missile Turret  
  178  13:20  Command Center  
  178  13:22  SCV x2  
  178  13:25  Unknown, Marauder  
  140  13:27  SCV  
  140  13:28  Marine  
  140  13:32  Siege Tank  
  118  13:35  SCV  
  118  13:36  SCV  
  118  13:37  Terran Vehicle Weapons Level 1  
  118  13:39  SCV, Marauder x2  
  118  13:40  Terran Infantry Weapons Level 3  
  118  13:41  Marine x3  
  122  13:46  Marine, Barracks  
  122  13:47  Marauder  
  122  13:48  SCV x2  
  127  13:50  Barracks  
  127  13:52  Barracks  
  127  13:53  Viking  
  127  13:54  Bunker  
  127  13:55  Barracks  
  131  13:56  Barracks x2  
  131  13:57  Refinery  
  131  13:58  Marine x2  
  131  13:59  Marine, Refinery  
  131  14:00  Marauder  
  131  14:01  Marauder  
  136  14:06  Missile Turret  
  136  14:08  Siege Tank, Marauder  
  141  14:10  Marine  
  141  14:16  Marine  
  143  14:19  Marine x2  
  143  14:22  SCV x2  
  149  14:25  Medivac x2  
  149  14:27  Marine  
  154  14:37  Orbital Command  
  151  14:40  Siege Tank  
  151  14:41  Sensor Tower, Barracks Tech Lab, Missile Turret  
  154  14:46  SCV x2  
  154  14:47  SCV  
  154  14:50  Unknown x2, Marauder  
  152  14:58  Unknown  
  152  14:59  Marine  
  140  15:00  Marine x2  
  140  15:02  SCV x2  
  142  15:11  Orbital Command  
  142  15:13  Marauder  
  146  15:15  Marine  
  146  15:19  Unknown, Marauder  
  149  15:26  Unknown  
  151  15:30  SCV  
  152  15:38  SCV  
  152  15:39  SCV  
  152  15:40  SCV, Unknown  
  159  15:47  Siege Tank  
  159  15:48  Marine, Marauder  
  162  15:51  Medivac x2  
  162  15:54  Marine  
  162  15:55  Marine, Unknown, Marauder x2  
  168  16:17  Terran Infantry Armor Level 3  
  164  16:19  Siege Tank  
  164  16:25  Marauder x4  
  161  16:29  Marine  
  161  16:31  Marine, Orbital Command  
  163  16:37  Marine x3  
  163  16:38  Marine  
  167  16:41  SCV  
  167  16:42  SCV x2  
  167  16:43  SCV  
  167  16:46  Marine, Marauder  
  174  16:51  Marauder  
  174  16:53  Marine x2  
  178  17:12  SCV  
  175  17:19  Marauder  
  175  17:20  Marine, Marauder x2  
  175  17:21  Command Center  
  180  17:25  Marauder  
  180  17:26  Marine  
  183  17:30  SCV x2  
  183  17:31  SCV  
  185  17:40  SCV  
  175  17:50  Orbital Command  
  175  17:51  Marine x2  
  173  18:03  Marine  
  169  18:07  Marine  
  169  18:10  Marauder  
  169  18:11  Marine, Marauder x3  
  169  18:12  Marine  
  180  18:15  Command Center  
  180  18:30  SCV x3  
  180  18:32  Marauder x2  
  183  18:40  Marauder  
  167  18:51  Marine  
  167  18:53  SCV  
  169  18:59  Marine x2  
  169  19:01  Marine  
  169  19:02  Orbital Command  
  143  19:26  Marauder x2  
  115  19:37  Marine x2, Marauder  
  113  19:45  Marine x2, Marauder  
  110  19:56  Marine  
  110  19:57  Marine x2  
  113  20:02  SCV x2  
  115  20:08  SCV  
  111  20:17  Marine  
  111  20:20  Marine  
  97  20:23  Marine  
  97  20:24  Marine  
  84  20:30  Marine  
  84  20:31  Marine  
  85  20:41  Marine  
  82  20:45  Unknown  
  82  20:46  Marine x2  
  82  20:47  Marine x4  
  82  20:48  Marine, SCV  
  82  20:49  Marine  
  91  20:56  Unknown  
  91  20:57  Marine  
  89  21:05  Marine x3  
  89  21:06  Marine x2  
  94  21:14  Orbital Command  
  98  21:23  Marine x2  
  98  21:28  Widow Mine  
  100  21:38  Marine  
  103  21:43  Marine x2, Unknown  
  103  21:44  Marine  
  104  21:48  Marine  
  104  21:50  Marine x2  
  109  22:07  Unknown, Marauder  
  110  22:11  Marine x2  
  110  22:12  Marine x2  
  109  22:16  Unknown  
  109  22:18  Marine x2  
  109  22:19  SCV  
  109  22:20  SCV x2  
  109  22:22  SCV  

Tags
 
Add a new tag
Caveats
  • Supply blocks, unpowered buildings, or Contaminate may cause inaccurate times.
  • Supply counts are checked every 10 seconds.